 Dungeon Crawl Stone Soup version 0.21-a0-518-g43a1781 (webtiles) character file.

12387 theanonym the Earth Mage (level 11, -2/69 HPs)
             Began as a Gargoyle Earth Elementalist on Dec 4, 2017.
             Was a Priest of Vehumet.
             Slain by a torpor snail (13 damage)
             ... on level 1 of the Lair of Beasts.
             The game lasted 00:56:53 (16276 turns).

theanonym the Earth Mage (GrEE)                    Turns: 16276, Time: 00:56:54

Health: -2/69      AC: 14    Str: 18    XL:     11   Next: 92%
Magic:  21/23      EV: 11    Int: 19    God:    Vehumet [***...]
Gold:   765        SH:  5    Dex: 10    Spells: 3/26 levels left

rFire    . . .     SeeInvis .   A - staff of poison {rPois}
rCold    . . .     Gourm    .   s - +1 buckler
rNeg     + . .     Faith    .   I - +0 leather armour {4}
rPois    ∞         Spirit   .   p - +0 helmet
rElec    +         Reflect  .   (no cloak)
rCorr    .         Harm     .   (no gloves)
MR       .....                  O - +1 pair of boots
Stlth    ++........             i - amulet of magic regeneration
HPRegen  0.21/turn              L - +6 ring of strength
MPRegen  0.43/turn              (no ring)

@: slowed, very slow
A: negative energy resistance 1, electricity resistance, unbreathing,
petrification resistance, rot immunity, AC +8
a: Renounce Religion


Innate Abilities, Weirdness & Mutations

You are resistant to torment.
Your stone body is resilient. (AC +8)
You are immune to poison.
You resist negative energy. (rN+)
You are resistant to electric shocks. (rElec)
You can survive without breathing.
You are immune to petrification.
You are immune to rotting.


   Skills:
 + Level 8.7 Fighting
 - Level 1.5 Dodging
 - Level 2.1 Stealth
 - Level 4.1 Shields
 + Level 8.4 Spellcasting
 - Level 0.7 Transmutations
 - Level 15.0 Earth Magic
 - Level 5.0 Poison Magic


You had 3 spell levels left.
You knew the following spells:

 Your Spells              Type           Power        Failure   Level  Hunger
a - Sandblast             Erth           ######       0%          1    None
b - Stone Arrow           Conj/Erth      #####.       1%          3    None
c - Petrify               Tmut/Erth      #####...     4%          4    ###....
d - Mephitic Cloud        Conj/Pois/Air  ###.....     4%          3    None
e - Passwall              Tmut/Erth      #####.....   1%          2    None
f - Olgreb's Toxic Radia  Pois           #####...     3%          4    ###....
q - Apportation           Tloc           #.....       11%         1    None
z - Lee's Rapid Deconstr  Erth           ######....   1%          5    #####..

Skill      XL: |  1  2  3  4  5  6  7  8  9 10 11 |
---------------+----------------------------------+-----
Earth Magic    | 4 5 6 7 9 11 13 15 | 15.0
Spellcasting   | 3 4 5 6 8 |  8.4
Shields        | 4 |  4.1
Fighting       | 4 5 8 |  8.7
Poison Magic   | 2 5 |  5.0
Dodging        | |  1.5
Stealth        | |  2.1
Transmutations | |  0.7

Action                   |  1- 3 |  4- 6 |  7- 9 | 10-12 || total
-------------------------+-------+-------+-------+-------++-------
Melee: Unarmed           |     4 |       |       |       ||     4
       Dagger            |     5 |     1 |    55 |    91 ||   152
       Club              |       |    39 |       |       ||    39
       Staff             |       |       |       |     1 ||     1
 Cast: Sandblast         |    48 |    69 |    72 |   106 ||   295
       Stone Arrow       |       |    13 |    29 |    21 ||    63
       Passwall          |       |     1 |     1 |       ||     2
       Lee's Rapid Decon |       |       |    38 |    58 ||    96
       Petrify           |       |       |    11 |     8 ||    19
       Olgreb's Toxic Ra |       |       |       |    23 ||    23
       Mephitic Cloud    |       |       |       |     5 ||     5
Evoke: Wand              |       |       |     5 |     3 ||     8
  Use: Scroll            |     1 |     3 |     7 |     7 ||    18
       Potion            |       |     1 |       |       ||     1
 Stab: Petrified         |       |       |    22 |    11 ||    33
  Eat: Chunk             |     2 |    11 |    15 |    14 ||    42
       Royal jelly       |       |     1 |     4 |       ||     5
       Fruit             |       |       |     7 |       ||     7
       Bread ration      |       |       |     2 |     3 ||     5
       Meat ration       |       |       |       |     2 ||     2
Armor: Robe              |    11 |    37 |    18 |    10 ||    76
       Leather armour    |       |       |       |    61 ||    61
Dodge: Dodged            |    23 |    74 |    40 |    68 ||   205
Block: Buckler           |       |       |     1 |    44 ||    45

Inventory:

Hand Weapons
 G - a +4 dagger
   (You took it off an orc on level 4 of the Dungeon)
Missiles
 J - a throwing net {!f}
 N - 38 stones (quivered)
Armour
 c - a +0 robe {0}
 p - a +0 helmet (worn)
   (You found it on level 2 of the Dungeon)
 s - a +1 buckler (worn)
   (You found it on level 1 of the Dungeon)
 I - a +0 leather armour (worn) {4}
   (You took it off an orc on level 8 of the Dungeon)
 O - a +1 pair of boots (worn)
   (You found it on level 10 of the Dungeon)
Magical Staves
 A - an uncursed staff of poison (weapon) {rPois}
   (You found it on level 3 of the Dungeon)
Jewellery
 i - an amulet of magic regeneration (around neck)
   (You took it off an orc on level 10 of the Dungeon)
 L - a +6 ring of strength (left hand)
   (You found it on level 8 of the Dungeon)
Wands
 v - a wand of acid (2)
   (You found it on level 6 of the Dungeon)
 y - a wand of flame (56)
   (You took it off Natasha on level 4 of the Dungeon)
 Q - a wand of polymorph (9)
   (You found it on level 10 of the Dungeon)
 R - a wand of iceblast (12)
   (You found it on level 7 of the Dungeon)
Scrolls
 a - a scroll of enchant armour
 b - a scroll of blinking
 f - 2 scrolls of fog {!r}
 g - 4 scrolls of enchant weapon
 h - 5 scrolls of amnesia
 j - 10 scrolls of remove curse
 t - 6 scrolls of teleportation {!r}
Potions
 l - 2 potions of lignification {unknown}
 q - 3 potions of heal wounds
 u - 3 potions of haste {unknown}
 w - 2 potions of curing
 x - 3 potions of might
 z - 5 potions of mutation
 C - 2 potions of flight {unknown}
 D - 2 potions of brilliance {unknown}
 E - a potion of cancellation {unknown}
 F - a potion of berserk rage {unknown}
 H - 2 potions of magic {unknown}
Books
 d - a book of Geomancy
 K - a Young Poisoner's Handbook
   (You found it on level 7 of the Dungeon)
Miscellaneous
 M - a phial of floods
   (You found it on level 9 of the Dungeon)
Comestibles
 e - a bread ration
 m - 2 royal jellies
 n - a meat ration

Dungeon Overview and Level Annotations

Branches:
Dungeon (11/15)            Temple (1/1) D:7            Lair (1/6) D:11
    Orc (2/2) D:10
    Elf: Orc:2

Altars:
Ashenzari
Cheibriados
Dithmenos
Elyvilon
Fedhas
Gozag
Hepliaklqana
Kikubaaqudgha
Makhleb
Okawaru
Qazlal
Ru
Sif Muna
Trog
Uskayaw
Vehumet
Wu Jian
Xom
Yredelemnul
Zin
The Shining One
Beogh

Annotations:
D:9 2 transporters


You were on level 1 of the Lair of Beasts.
You worshipped Vehumet.
Vehumet was most pleased with you.
You were hungry.

You visited 4 branches of the dungeon, and saw 15 of its levels.

You collected 765 gold pieces.


Message History

You regained 3 mp, and now have 20/23 mp.
You start resting.
MP restored: 23
As you read the scroll of identify, it crumbles to dust.
g - 3 potions of heal wounds;
q - 3 potions of heal wounds
g - 4 scrolls of enchant weapon
Okay, then.
Unknown command.
Put on which piece of jewellery? (? for menu, Esc to quit)
Okay, then.
Unknown command.
You now have 765 gold pieces (gained 17).
Being near the torpor snail leaves you feeling lethargic.
The torpor snail is too close now for your liking.
A torpor snail is nearby!
A torpor snail is nearby!
You feel a surge of power!
You begin to radiate toxic energy.
The torpor snail is poisoned.
You now have 20/23 mp.
You can't see any susceptible monsters within range! (Use Z to cast anyway.)
You feel a surge of power!
The ball explodes into a vile cloud!
The stinking cloud engulfs the torpor snail.
Your toxic aura wanes.
The torpor snail is engulfed in noxious fumes.
The torpor snail appears confused.
You now have 17/23 mp.
You can't see any susceptible monsters within range! (Use Z to cast anyway.)
You can't see any susceptible monsters within range! (Use Z to cast anyway.) Unknown command.
Unknown command.
The torpor snail looks more healthy.
Aim: a torpor snail (noxious fumes, lightly wounded, confused)
The blast of sand hits the torpor snail.
N - 43 stones The torpor snail is engulfed in noxious fumes.
You can't see any susceptible monsters within range! (Use Z to cast anyway.)
Aim: a torpor snail (moderately wounded, confused)
The stone arrow hits the torpor snail.
The torpor snail seems less confused.
You now have 16/23 mp.
Aim: a torpor snail (moderately wounded)
You feel a surge of power!
The ball explodes into a vile cloud!
The stinking cloud engulfs the torpor snail.
The torpor snail is engulfed in noxious fumes.
You now have 13/23 mp.
You feel a surge of power!
You begin to radiate toxic energy.
* * * LOW MAGIC WARNING * * *
You are feeling hungry.
The torpor snail is poisoned.
Some of the chunks of flesh in your inventory have rotted away.
You now have 10/23 mp.
Aim: a torpor snail (moderately wounded, poisoned)
The blast of sand hits the torpor snail.
N - 42 stones
* * * LOW MAGIC WARNING * * *
The torpor snail bites you!!
You take 18 damage, and have 51/69 hp.
MASSIVE DAMAGE!!
Aim: a torpor snail (heavily wounded, poisoned)
The blast of sand hits the torpor snail.
N - 41 stones
* * * LOW MAGIC WARNING * * *
Your toxic aura wanes.
The torpor snail bites you!
You take 15 damage, and have 36/69 hp.
MASSIVE DAMAGE!!
You now have 9/23 mp.
Aim: a torpor snail (severely wounded, poisoned)
The blast of sand hits the torpor snail.
N - 40 stones
* * * LOW MAGIC WARNING * * *
The torpor snail barely misses you.
Aim: a torpor snail (severely wounded, poisoned)
The blast of sand hits the torpor snail.
N - 39 stones
* * * LOW MAGIC WARNING * * *
The torpor snail bites you!
* * * LOW HITPOINT WARNING * * *
You take 11 damage, and have 26/69 hp.
Aim: a torpor snail (severely wounded, poisoned)
The blast of sand hits the torpor snail.
N - 38 stones
* * * LOW MAGIC WARNING * * *
The torpor snail looks more healthy.
The torpor snail bites you!
* * * LOW HITPOINT WARNING * * *
You take 16 damage, and have 10/69 hp.
MASSIVE DAMAGE!!
You now have 8/23 mp.
The torpor snail closely misses you.
Some of the chunks of flesh in your inventory have rotted away.
All of the chunks of flesh in your inventory have rotted away.
MP restored: 23 The torpor snail bites you!
* * * LOW HITPOINT WARNING * * *
You take 7 damage, and have 10/69 hp.
Okay, then.
Okay, then.
Unknown command.
Here: a torpor snail (severely wounded)
The floor.
Unknown command.
You feel a surge of power!
The ball explodes into a vile cloud!
The stinking cloud engulfs the torpor snail.
The torpor snail is engulfed in noxious fumes.
The torpor snail bites you!
You die...

###.#...+...P.##..#..# #.##.
#...P...P...#####>...# #....
....+...P...# #.#..### ##....
#...#...#...## #.P..#.#####.....
#...#...#....####.P..............
#...#.............#.........#.##+
####.....##..#+..##§........#....
.................§§§........#....
........[.......@w§§........'>...
............................####.
.......<.........................
###########.###..###.#####.#####P
### #### ### ### ##


You could see a torpor snail.

Notes
Turn   | Place    | Note
-------+----------+-------------------------------------------
     0 | D:1      | theanonym the Gargoyle Earth Elementalist began the quest for the Orb.
     0 | D:1      | Reached XP level 1. HP: 10/10 MP: 3/3
    29 | D:1      | Reached skill level 4 in Earth Magic
    31 | D:1      | HP: 4/10 [jackal (3)]
    52 | D:1      | Reached XP level 2. HP: 8/15 MP: 0/5
   189 | D:1      | Learned a level 2 spell: Passwall
   445 | D:1      | Reached skill level 5 in Earth Magic
   445 | D:1      | Reached XP level 3. HP: 19/19 MP: 0/6
   727 | D:1      | Learned a level 3 spell: Stone Arrow
  1304 | D:2      | Reached XP level 4. HP: 23/24 MP: 0/7
  1825 | D:2      | Reached skill level 6 in Earth Magic
  2838 | D:3      | Reached XP level 5. HP: 25/28 MP: 8/8
  2974 | D:3      | Found a glowing golden altar of the Shining One.
  2974 | D:3      | Found a glowing silver altar of Zin.
  2974 | D:3      | Found a white marble altar of Elyvilon.
  3091 | D:3      | Became a worshipper of the Shining One
  3188 | D:4      | Noticed Natasha
  3188 | D:4      | Noticed Eustachio
  3208 | D:4      | Noticed Robin
  3268 | D:3      | HP: 12/28 [goblin/club[Robin] (4)]
  3276 | D:3      | HP: 9/28 [Robin/trident (2)]
  3281 | D:3      | HP: 3/28 [goblin[Robin] (3)]
  3314 | D:3      | Killed Robin
  3495 | D:3      | HP: 11/28 [iguana (10)]
  3496 | D:3      | HP: 1/28 [iguana (8)]
  3937 | D:4      | Reached skill level 3 in Spellcasting
  4047 | D:4      | Reached skill level 7 in Earth Magic
  4116 | D:4      | Learned a level 1 spell: Apportation
  4161 | D:4      | Reached XP level 6. HP: 32/32 MP: 0/11
  4255 | D:4      | Learned a level 4 spell: Petrify
  4262 | D:4      | Killed Natasha
  4355 | D:4      | Noticed Natasha
  4372 | D:4      | HP: 13/32 [orc/wand of flame (3) (11)]
  4631 | D:4      | HP: 16/32 [Eustachio/rapier (4)]
  4636 | D:3      | HP: 16/32 [Eustachio/rapier (1)]
  4637 | D:3      | Killed Eustachio
  4637 | D:3      | Reached skill level 4 in Spellcasting
  4873 | D:4      | Killed Natasha
  4873 | D:4      | Reached XP level 7. HP: 29/36 MP: 11/13
  4940 | D:4      | Noticed Natasha
  4940 | D:4      | Reached * piety under the Shining One
  4944 | D:4      | Killed Natasha
  5088 | D:4      | Reached skill level 8 in Earth Magic
  5089 | D:4      | Noticed Ijyb
  5121 | D:4      | Killed Ijyb
  5385 | D:5      | Entered Level 5 of the Dungeon
  5464 | D:5      | Reached skill level 9 in Earth Magic
  5637 | D:5      | Noticed Menkaure
  5783 | D:5      | Reached XP level 8. HP: 41/41 MP: 5/14
  5903 | D:5      | Found a sacrificial altar of Ru.
  5970 | D:5      | Learned a level 5 spell: Lee's Rapid Deconstruction
  6011 | D:5      | Killed Menkaure
  6011 | D:5      | Reached ** piety under the Shining One
  6011 | D:5      | Reached skill level 5 in Spellcasting
  6011 | D:5      | Reached skill level 10 in Earth Magic
  6465 | D:6      | Reached skill level 1 in Shields
  6558 | D:6      | HP: 16/41 [wight/enchanted spear (5)]
  7053 | D:6      | Reached skill level 2 in Shields
  7171 | D:6      | Reached skill level 3 in Shields
  7349 | D:6      | Reached skill level 4 in Shields
  7874 | D:6      | Reached skill level 11 in Earth Magic
  7917 | D:6      | Reached XP level 9. HP: 45/45 MP: 0/16
  8319 | D:7      | Reached skill level 1 in Fighting
  8918 | D:7      | Reached skill level 2 in Fighting
  9072 | D:7      | Reached skill level 12 in Earth Magic
  9119 | D:7      | Found a staircase to the Ecumenical Temple.
  9126 | Temple   | Entered the Ecumenical Temple
  9181 | Temple   | Fell from the grace of the Shining One
  9181 | Temple   | Became a worshipper of Vehumet
  9623 | D:7      | Reached skill level 3 in Fighting
 10514 | D:8      | Reached * piety under Vehumet
 10514 | D:8      | Offered knowledge of Shock by Vehumet.
 10812 | D:8      | Found a sacrificial altar of Ru.
 10812 | D:8      | Noticed a hornet
 10834 | D:8      | Killed a hornet
 10834 | D:8      | Reached skill level 4 in Fighting
 10939 | D:8      | Reached skill level 13 in Earth Magic
 11189 | D:8      | Reached XP level 10. HP: 58/58 MP: 6/17
 11512 | D:8      | Found a roughly hewn altar of Beogh.
 11579 | D:8      | Found a burning altar of Makhleb.
 11624 | D:8      | Found a stormy altar of Qazlal.
 11758 | D:9      | Reached skill level 5 in Fighting
 11860 | D:9      | Noticed Fingolfin's ghost (novice DEWz)
 11987 | D:9      | Reached ** piety under Vehumet
 11993 | D:9      | Offered knowledge of Searing Ray by Vehumet.
 12536 | D:9      | Noticed a kobold demonologist
 12537 | D:9      | Noticed a kobold demonologist
 12538 | D:9      | Found a transporter.
 12539 | D:9      | Found a transporter.
 12547 | D:9      | Noticed an orc high priest
 12556 | D:9      | Noticed a kobold demonologist
 12586 | D:9      | Killed Fingolfin's ghost
 12586 | D:9      | Reached skill level 14 in Earth Magic
 12658 | D:9      | Found a shattered altar of Ashenzari.
 12658 | D:9      | Found a faded altar of an unknown god.
 12664 | D:9      | Found a bloodstained altar of Trog.
 12666 | D:9      | Found a shadowy altar of Dithmenos.
 12667 | D:9      | Found a faded altar of an unknown god.
 12936 | D:9      | Reached skill level 6 in Spellcasting
 13149 | D:10     | Entered Level 10 of the Dungeon
 13150 | D:10     | Found a roughly hewn altar of Beogh.
 13150 | D:10     | Found a staircase to the Orcish Mines.
 13158 | D:10     | Offered knowledge of Inner Flame by Vehumet.
 13172 | D:9      | HP: 26/59 [orc/scimitar (8)]
 13522 | D:10     | Reached *** piety under Vehumet
 13665 | D:9      | Reached skill level 15 in Earth Magic
 13670 | D:9      | Learned a level 3 spell: Mephitic Cloud
 13770 | D:9      | Offered knowledge of Fulminant Prism by Vehumet.
 13929 | D:10     | Reached skill level 1 in Poison Magic
 14338 | Orc:1    | Entered Level 1 of the Orcish Mines
 14461 | Orc:1    | Reached skill level 2 in Poison Magic
 14733 | Orc:2    | Entered Level 2 of the Orcish Mines
 14734 | Orc:2    | Reached **** piety under Vehumet
 14779 | D:11     | Found a staircase to the Lair.
 14880 | D:11     | Reached XP level 11. HP: 64/64 MP: 18/21
 14886 | D:11     | Learned a level 4 spell: Olgreb's Toxic Radiance
 14922 | D:11     | Noticed a cyclops
 14976 | D:11     | Reached skill level 3 in Poison Magic
 14996 | D:11     | Noticed a two-headed ogre
 15010 | D:11     | HP: 29/64 [two-headed ogre/giant spiked club (13)]
 15014 | D:11     | Killed a two-headed ogre
 15014 | D:11     | Reached skill level 6 in Fighting
 15014 | D:11     | Reached skill level 7 in Spellcasting
 15145 | D:11     | Offered knowledge of Iskenderun's Battlesphere by Vehumet.
 15145 | D:11     | Reached skill level 4 in Poison Magic
 15402 | Lair:1   | Entered Level 1 of the Lair of Beasts
 15657 | D:11     | HP: 32/66 [elephant (3)]
 15663 | D:11     | Reached skill level 5 in Poison Magic
 15887 | Lair:1   | Reached skill level 7 in Fighting
 15974 | Lair:1   | Reached skill level 8 in Spellcasting
 15985 | Lair:1   | Reached skill level 8 in Fighting
 16248 | Lair:1   | HP: 26/69 [torpor snail (11)]
 16249 | Lair:1   | HP: 10/69 [torpor snail (16)]
 16273 | Lair:1   | HP: 10/69 [torpor snail (8)]
 16276 | Lair:1   | Slain by a torpor snail

Vanquished Creatures
  A two-headed ogre (D:11)
  The ghost of Fingolfin the Fighter, a novice DEWz of Sif Muna (D:9)
  5 elephants
  A black mamba (Lair:1)
  A centaur skeleton (D:11)
  3 spiny frogs (Lair:1)
  A komodo dragon (Lair:1)
  2 hornets
  A shadow (D:11)
  Eustachio (D:3)
  8 yaks (Lair:1)
  A hungry ghost (D:9)
  Menkaure (D:5)
  2 porcupines (Lair:1)
  2 black bears
  3 ice beasts
  9 orc warriors
  A sky beast (D:7)
  An eye of draining (D:9)
  6 ogres
  2 phantoms
  4 centaurs
  3 big kobolds
  6 bullfrogs
  A gnoll sergeant (D:7)
  3 scorpions
  3 killer bees (D:7)
  8 wights
  2 howler monkeys
  4 crimson imps
  A jelly (D:5)
  A bullfrog zombie (D:5)
  2 hounds
  11 orc wizards
  2 bullfrog skeletons (D:8)
  8 orc priests
  Natasha (thrice) (D:4)
  Ijyb (D:4)
  3 iguanas
  6 worker ants
  3 hound skeletons
  2 worker ant zombies (D:10)
  Robin (D:3)
  8 adders
  6 gnolls
  A white imp (D:6)
  3 oozes
  An adder zombie (D:5)
  3 worms
  A dart slug (D:1)
  5 leopard geckos
  76 orcs
  2 ball pythons (D:4)
  3 giant cockroaches
  14 goblins
  11 hobgoblins
  7 jackals
  18 kobolds
  4 quokkas
  8 bats
  A frilled lizard (D:1)
  A quokka skeleton (D:4)
  5 rats
309 creatures vanquished.

Vanquished Creatures (others)
  2 plants (D:9)
2 creatures vanquished.

Grand Total: 311 creatures vanquished

Table legend:
 A = Turns spent in this place as a percentage of turns spent in the entire game.
 B = Non-inter-level travel turns spent in this place as a percentage of non-inter-level travel turns spent in the entire game.
 C = Inter-level travel turns spent in this place as a percentage of turns spent in this place.
 D = Turns resting spent in this place as a percentage of non-inter-level travel turns spent in this place.
 E = Turns spent auto-exploring this place as a percentage of non-inter-level travel turns spent in this place.
 F = Non-inter-level travel turns spent in this place divided by the number of levels of this place that you've seen.
                   A       B       C       D       E      F
               +-------+-------+-------+-------+-------+----------------------
         Total | 100.0 | 100.0 |   7.0 |  45.1 |  39.1 | 1009.1
       Dungeon |  94.7 |  94.5 |   7.2 |  45.9 |  39.2 | 1299.7
        Temple |   0.4 |   0.4 |  14.9 |   0.0 |  87.7 |  57.0
          Lair |   3.1 |   3.3 |   0.2 |  34.1 |  23.1 | 507.0
  Orcish Mines |   1.8 |   1.8 |   4.8 |  34.1 |  48.9 | 138.0
               +-------+-------+-------+-------+-------+----------------------
